 Dungeon Crawl Stone Soup version 0.22-a0-525-gf69a080 (webtiles) character file.

2067 kae the Insei (level 9, -5/68 HPs)
             Began as a Demonspawn Transmuter on June 21, 2018.
             Was an Initiate of Okawaru.
             Slain by a soldier ant (9 damage)
             ... on level 8 of the Dungeon.
             The game lasted 00:06:04 (6277 turns).

kae the Insei (Demonspawn Transmuter)               Turns: 6277, Time: 00:06:04

Health: -5/68      AC: 12    Str: 17    XL:     9   Next: 5%
Magic:  16/16      EV: 12    Int: 14    God:    Okawaru [......]
Gold:   368        SH:  0    Dex: 16    Spells: 12/18 levels left

rFire    + . .     SeeInvis +   t - +6 falchion (protect)
rCold    . . .     Gourm    .   (no shield)
rNeg     . . .     Faith    .   o - +1 robe
rPois    .         Spirit   .   (helmet restricted)
rElec    .         Reflect  .   C - +0 cloak
rCorr    .         Harm     .   D - +0 pair of gloves
MR       .....                  (no boots)
Stlth    ++........             j - amulet of regeneration
HPRegen  0.61/turn              s - ring of see invisible
MPRegen  0.15/turn              y - ring "Uzareemi" {rF+ Str+5 Slay+3}

@: lethally poisoned (-5 -> -6), protection aura
A: antennae 2, nightstalker 1, powered by death 2
a: Renounce Religion


You were on level 8 of the Dungeon.
You worshipped Okawaru.
Okawaru was noncommittal.
You were near starving.

You visited 2 branches of the dungeon, and saw 9 of its levels.

You collected 368 gold pieces.

Inventory:

Hand Weapons
 t - a +6 falchion of protection (weapon)
Missiles
 a - 115 arrows
Armour
 o - a +1 robe (worn)
 u - a +0 helmet
 C - a +0 cloak (worn)
 D - a +0 pair of gloves (worn)
Jewellery
 j - an amulet of regeneration (around neck)
 s - a ring of see invisible (left hand)
 y - the ring "Uzareemi" (right hand) {rF+ Str+5 Slay+3}
   (You took it off an orc on level 5 of the Dungeon)

   [ring of slaying]

   It affects your strength (+5).
   It affects your accuracy and damage with ranged weapons and melee attacks
   (+3).
   It protects you from fire.
 z - an uncursed ring of flight
Wands
 p - a wand of digging (13)
 E - a wand of enslavement (10)
 J - a wand of iceblast (5)
Scrolls
 c - 8 scrolls of teleportation
 g - 8 scrolls of remove curse
 q - a scroll of immolation
 x - a scroll of enchant weapon
 F - a scroll of enchant armour
 G - 3 scrolls of identify
 H - a scroll of magic mapping
 I - a scroll of fog {unknown}
Potions
 b - 3 potions of degeneration
 e - a potion of agility
 f - a potion of berserk rage {unknown}
 h - a potion of haste
 k - a potion of mutation {unknown}
 l - 2 potions of lignification {unknown}
 m - 3 potions of curing
 n - 2 potions of heal wounds {unknown}
 r - 2 potions of brilliance
 v - 5 potions of flight
 w - a potion of magic {unknown}
 A - a potion of ambrosia {unknown}
 B - a potion of cancellation {unknown}
Comestibles
 d - 12 rations


   Skills:
 + Level 5.3 Fighting
 - Level 1.7 Dodging
 * Level 7.4 Unarmed Combat
 + Level 5.2 Spellcasting
 + Level 5.1 Transmutations


You had 12 spell levels left.
You knew the following spells:

 Your Spells              Type           Power        Failure   Level  Hunger
a - Beastly Appendage     Tmut           ###...       2%          1    None
b - Sticks to Snakes      Tmut           ###.....     3%          2    ##.....
c - Spider Form           Tmut/Pois      ##........   19%         3    ###....

Your spell library contained the following spells:

 Spells                   Type           Power        Failure   Level  Hunger
 Blade Hands              Tmut           ###.......   52%         5    ######.
 Ice Form                 Ice/Tmut       ##......     52%         4    ####...


Dungeon Overview and Level Annotations

Branches:
Dungeon (8/15)             Temple (1/1) D:7
   Lair: D:8-11

Altars:
Ashenzari
Dithmenos
Elyvilon
Gozag
Kikubaaqudgha
Makhleb
Okawaru
Ru
Sif Muna
Trog
Uskayaw
Vehumet
Wu Jian
Xom
Yredelemnul
Zin
The Shining One

Shops:
D:4 =

Annotations:
D:8 exclusion: two-headed ogre


Innate Abilities, Weirdness & Mutations

You have a pair of antennae on your head.
You are slightly more attuned to the shadows.
You regenerate health from kills.


Message History

You hit the soldier ant.
The soldier ant is severely wounded.
The soldier ant barely misses you.
You hit the soldier ant.
The soldier ant is almost dead.
You feel sick.
The soldier ant stings you but does no damage.
You hit the soldier ant.
The soldier ant is almost dead.
You feel sick.
The soldier ant stings you but does no damage.
You hit the soldier ant.
The soldier ant is almost dead.
You feel sick. The soldier ant stings you.
* * * LOW HITPOINT WARNING * * *
You barely miss the soldier ant.
The soldier ant is almost dead.
You feel sick. The soldier ant completely misses you.
The soldier ant stings you!
You die...

..## .... # ...#.#
.....# #### #.#..#
#.#.##.#..#
#†#@...#.#
#a##..#.#
#.#.#..#.# ##
###.#.# #.#.# ###
#. #.#.#### ..#
######.##.#....#
#.#
....(........##.#
## #.#
#.#......)#(#.##.#


You could see a soldier ant.

Vanquished Creatures
  Edmund (D:4)
  Menkaure (D:6)
  A soldier ant (D:8)
  An ice beast (D:4)
  An orc warrior (D:7)
  A phantom (D:8)
  2 sky beasts
  An ogre (D:4)
  A bullfrog (D:7)
  2 scorpions (D:4)
  6 killer bees (D:7)
  An electric eel (D:6)
  A crimson imp (D:4)
  A gnoll shaman (D:6)
  A bullfrog skeleton (D:5)
  An orc priest (D:3)
  An iguana (D:7)
  5 orc wizards
  7 worker ants
  A hound skeleton (D:7)
  Robin (D:2)
  6 gnolls
  7 adders
  2 adder zombies
  2 worms
  3 dart slugs
  A leopard gecko (D:6)
  34 orcs
  A ball python (D:6)
  7 bats
  4 giant cockroaches
  11 goblins
  8 hobgoblins
  7 jackals
  A quokka (D:6)
  2 frilled lizards
  A jackal skeleton (D:3)
  10 kobolds
  A leopard gecko skeleton (D:5)
  A quokka skeleton (D:5)
  6 rats
153 creatures vanquished.

Notes
Turn   | Place    | Note
-------+----------+-------------------------------------------
     0 | D:1      | kae the Demonspawn Transmuter began the quest for the Orb.
     0 | D:1      | Reached XP level 1. HP: 15/15 MP: 3/3
   210 | D:1      | Gained mutation: You regenerate a little health from kills. [demonic ancestry]
   210 | D:1      | Reached XP level 2. HP: 21/21 MP: 3/5
   234 | D:1      | Reached skill level 3 in Unarmed Combat
  1082 | D:1      | Learned a level 2 spell: Sticks to Snakes
  1274 | D:2      | Found an ancient bone altar of Kikubaaqudgha.
  1289 | D:2      | Reached XP level 3. HP: 26/26 MP: 6/6
  1294 | D:2      | Learned a level 3 spell: Spider Form
  1513 | D:2      | Noticed Robin
  1552 | D:2      | Killed Robin
  1838 | D:3      | Gained mutation: You are slightly more attuned to the shadows. [demonic ancestry]
  1838 | D:3      | Reached XP level 4. HP: 25/33 MP: 7/7
  2146 | D:3      | Reached XP level 5. HP: 36/38 MP: 9/9
  2212 | D:3      | Reached skill level 4 in Unarmed Combat
  2730 | D:4      | Noticed an ice beast
  2743 | D:4      | Killed an ice beast
  2743 | D:4      | Reached XP level 6. HP: 29/46 MP: 10/10
  2796 | D:4      | Noticed Edmund
  2813 | D:4      | Killed Edmund
  3037 | D:4      | Reached skill level 5 in Unarmed Combat
  3037 | D:4      | Gained mutation: You regenerate health from kills. [demonic ancestry]
  3037 | D:4      | Reached XP level 7. HP: 12/52 MP: 12/12
  3192 | D:4      | Found Diowennyeca's Jewellery Shoppe.
  3387 | D:4      | Found an opulent altar of Gozag.
  3589 | D:4      | Found a shimmering altar of Xom.
  3590 | D:4      | Found a burning altar of Makhleb.
  3648 | D:4      | Found a shattered altar of Ashenzari.
  3834 | D:5      | Entered Level 5 of the Dungeon
  3950 | D:5      | Got an ancient copper ring
  4035 | D:5      | Found a hide-covered altar of Uskayaw.
  4130 | D:5      | Noticed a dagger
  4130 | D:5      | Noticed a dagger
  4462 | D:6      | Identified the ring "Uzareemi" {rF+ Str+5 Slay+3} (You took it off an orc on level 5 of the Dungeon)
  4595 | D:6      | Reached skill level 6 in Unarmed Combat
  4597 | D:6      | Gained mutation: You have a pair of small antennae on your head. [demonic ancestry]
  4597 | D:6      | Reached XP level 8. HP: 45/60 MP: 14/14
  5023 | D:6      | Noticed Menkaure
  5028 | D:6      | Killed Menkaure
  5349 | D:7      | Reached skill level 7 in Unarmed Combat
  5670 | D:7      | Found a bloodstained altar of Trog.
  5686 | D:7      | Reached skill level 5 in Fighting
  5686 | D:7      | Reached skill level 5 in Spellcasting
  5820 | D:7      | Found a staircase to the Ecumenical Temple.
  5828 | Temple   | Entered the Ecumenical Temple
  5952 | Temple   | Became a worshipper of Warmaster Okawaru
  5995 | D:8      | Found a basalt altar of Yredelemnul.
  6015 | D:8      | Reached skill level 5 in Transmutations
  6129 | D:8      | Noticed a two-headed ogre
  6205 | D:8      | Found a sacrificial altar of Ru.
  6264 | D:8      | Gained mutation: You have a pair of antennae on your head. [demonic ancestry]
  6264 | D:8      | Reached XP level 9. HP: 33/68 MP: 16/16
  6277 | D:8      | Slain by a soldier ant

Vault maps used:
D:1:      dpeg_arrival_concentric_ovals
D:2:      kiku_gazebo_pond_becter, feat_on_display, uniq_robin
D:3:      wad_orctagon
D:4:      grunt_temple_overflow_champion_of_chaos,
          nicolae_gozag_cash_rules_everything_around_me, lemuel_round_altar,
          serial_shops, shop, uniq_edmund
D:5:      dancing_weapons_uskayaw, first_ration, roderic_malta_cross
D:6:      hangedman_abyss_or_decor_lesser_grid, kennysheep_minor_cross,
          minivault_14, uniq_menkaure
D:7:      minmay_temple_entry_poolview, trog_butcher_becter
D:8:      marbit_many_paths, kennysheep_little_box,
          nicolae_overflow_crystal_walls, hangedman_pestilent_swarm
Temple:   nicolae_temple_figure_zero

Skill      XL: |  1  2  3  4  5  6  7  8 |
---------------+-------------------------+-----
Unarmed Combat | 3 4 5 6 7 |  7.4
Transmutations | 2 3 4 5 |  5.1
Fighting       | 2 3 4 5 |  5.3
Spellcasting   | 3 4 5 |  5.2
Dodging        | |  1.7

Action                   |  1- 3 |  4- 6 |  7- 9 || total
-------------------------+-------+-------+-------++-------
Melee: Unarmed           |   111 |    12 |     9 ||   132
       Headbutt          |     7 |       |       ||     7
       Kick              |     3 |       |       ||     3
       Punch             |     1 |     1 |     9 ||    11
       Falchion          |     6 |   126 |   207 ||   339
 Cast: Beastly Appendage |    13 |       |       ||    13
       Spider Form       |     1 |     1 |     1 ||     3
       Sticks to Snakes  |     1 |       |       ||     1
  Use: Potion            |       |     1 |     1 ||     2
       Scroll            |       |    13 |     2 ||    15
 Stab: Sleeping          |     2 |     2 |     5 ||     9
       Distracted        |       |     1 |       ||     1
  Eat: Chunk             |     3 |     5 |     9 ||    17
Armor: Robe              |    27 |    64 |    83 ||   174
Dodge: Dodged            |    93 |   119 |   144 ||   356
       Rpst.: Falchion   |     1 |    38 |    57 ||    96

Table legend:
 A = Spawn XP
 B = Non-spawn XP
 C = Spawn XP percentage of total XP
 D = Spawn monster count
 E = Non-spawn monster count
 F = Spawn count percentage of total count
 G = Total turns spent on level
                    A         B        C        D         E        F      G
               +---------+---------+-------+---------+---------+-------+---------
         Total |       0 |    2954 |   0.0 |       0 |     153 |   0.0 |  6277
               +---------+---------+-------+---------+---------+-------+---------
           D:1 |       0 |      37 |   0.0 |       0 |      20 |   0.0 |  1167
           D:2 |       0 |      56 |   0.0 |       0 |      16 |   0.0 |   659
           D:3 |       0 |     127 |   0.0 |       0 |      36 |   0.0 |   780
           D:4 |       0 |     880 |   0.0 |       0 |      29 |   0.0 |  1228
           D:5 |       0 |     238 |   0.0 |       0 |      14 |   0.0 |   626
           D:6 |       0 |     353 |   0.0 |       0 |      14 |   0.0 |   705
           D:7 |       0 |     923 |   0.0 |       0 |      20 |   0.0 |   682
           D:8 |       0 |     340 |   0.0 |       0 |       4 |   0.0 |   296
               +---------+---------+-------+---------+---------+-------+---------
